 Dungeon Crawl Stone Soup version 0.24.0-37-gcf1ca852f1 (webtiles) character file.

Game seed: 64198018307347117, levelgen mode: deterministic

7210 Delamore the Severer (level 11, 0/82 HPs)
             Began as a Hill Orc Fighter on Nov 25, 2019.
             Was a High Priest of Okawaru.
             Slain by an unseen horror (10 damage)
             ... on level 9 of the Dungeon.
             The game lasted 00:16:26 (9424 turns).

Delamore the Severer (Hill Orc Fighter)             Turns: 9424, Time: 00:16:27

Health: 0/82       AC:  9    Str: 23    XL:     11   Next: 11%
Magic:  11/11      EV: 11    Int:  8    God:    Okawaru [*****.]
Gold:   557        SH:  9    Dex: 10    Spells: 10/10 levels left

rFire    . . .     SeeInvis .   i - +1 hand axe (chop)
rCold    . . .     Gourm    .   c - +0 shield
rNeg     + . .     Faith    .   n - +1 ring mail {rN+}
rPois    .         Spirit   .   I - +0 helmet
rElec    .         Reflect  .   (no cloak)
rCorr    .         Harm     .   g - +0 pair of gloves
MR       +....                  (no boots)
Stlth    ..........             r - amulet of regeneration
HPRegen  0.63/turn              h - ring of protection from magic
MPRegen  0.12/turn              y - +3 ring of evasion

@: no status effects
A: no striking features
a: Heroism, Finesse, Renounce Religion


You were on level 9 of the Dungeon.
You worshipped Okawaru.
Okawaru was extremely pleased with you.
You were not hungry.

You visited 2 branches of the dungeon, and saw 11 of its levels.

You collected 557 gold pieces.

Inventory:

Hand Weapons
 a - a +0 war axe
 i - a +1 hand axe of chopping (weapon)
 K - a +0 battleaxe
 M - a +1 battleaxe of chopping
Missiles
 D - 6 silver javelins (quivered)
Armour
 c - a +0 shield (worn)
 g - a +0 pair of gloves (worn)
 n - a +1 ring mail of positive energy (worn)
 I - a +0 helmet (worn)
Jewellery
 h - a ring of protection from magic (left hand)
 l - an uncursed ring of flight
 r - an amulet of regeneration (around neck)
 y - a +3 ring of evasion (right hand)
Wands
 b - a wand of disintegration (13)
Scrolls
 e - a scroll of noise {unknown}
 m - 5 scrolls of amnesia {unknown}
 o - 3 scrolls of fog {unknown}
 t - a scroll of magic mapping {unknown}
 u - a scroll of blinking {unknown}
 v - a scroll of enchant armour {unknown}
 w - a scroll of enchant weapon {unknown}
 x - a scroll of random uselessness {unknown}
 C - 6 scrolls of identify {unknown}
 H - 3 scrolls of teleportation {unknown}
 L - 2 scrolls of remove curse
 N - a scroll of immolation {unknown}
Potions
 d - 2 potions of might
 j - a potion of ambrosia {unknown}
 k - 2 potions of flight {unknown}
 p - 5 potions of curing
 s - a potion of berserk rage {unknown}
 z - 4 potions of lignification {unknown}
 A - 2 potions of invisibility {unknown}
 B - 4 potions of degeneration {unknown}
 E - 2 potions of mutation {unknown}
 F - a potion of heal wounds {unknown}
 G - 2 potions of cancellation {unknown}
 J - a potion of magic {unknown}
 P - a potion of haste {unknown}
Comestibles
 f - 21 rations


   Skills:
 - Level 3.6 Fighting
 + Level 17.1 Axes
 - Level 11.3 Throwing
 - Level 3.2 Armour
 - Level 3.2 Shields


You had 10 spell levels left.
You didn't know any spells.
Your spell library contained the following spells:

 Spells                   Type           Power        Failure   Level  Hunger
 Beastly Appendage        Tmut           #.....       97%         1    ##.....
 Magic Dart               Conj           #...         97%         1    ##.....
 Sandblast                Erth           #.....       97%         1    ##.....
 Blink                    Tloc           N/A          99%         2    ###....
 Call Imp                 Summ           #.......     99%         2    ###....
 Slow                     Hex            #.......     99%         2    ###....
 Conjure Flame            Conj/Fire      #.......     100%        3    ####...
 Ignite Poison            Fire/Tmut/Pois #.......     100%        3    ####...
 Mephitic Cloud           Conj/Pois/Air  #.......     100%        3    ####...
 Stone Arrow              Conj/Erth      #.....       100%        3    ####...
 Alistair's Intoxication  Tmut/Pois      #.......     100%        5    ######.
 Dragon Form              Tmut           #.........   100%        7    #######


Dungeon Overview and Level Annotations

Branches:
Dungeon (10/15)            Temple (1/1) D:4            Lair (0/6) D:8
    Orc: D:9-12

Altars:
Ashenzari
Dithmenos
Elyvilon
Fedhas
Kikubaaqudgha
Makhleb
Okawaru
Qazlal
Ru
Sif Muna
Uskayaw
Xom
Yredelemnul
Zin

Shops:
D:5 *


Message History

The yak gores you!
* * * LOW HITPOINT WARNING * * *
You barely miss the yak.
The yak is heavily wounded.
The yak misses you.
You hit the yak.
The yak is severely wounded.
You hit the yak.
The yak is almost dead.
The yak gores you but does no damage.
You hit the yak.
You kill the yak!
Okawaru accepts your kill. Something hits you!
* * * LOW HITPOINT WARNING * * *
Deactivating autopickup; reactivate with Ctrl-A.
It was a potion of curing.
You feel better. Something hits you!
* * * LOW HITPOINT WARNING * * *
Something hits you!
You die...

#...<..........#
#..............#
#...######..#####
##..#....#..#...#
##.#.(..####.(.#
###...........#
#..###<###(.#
##########.###
#..Y.{@#.....#
#..#####(....#
##.# #.(...#
#.#####.(...#
#........(..#
#..##########
####


You could see a yak.

Vanquished Creatures
  Erolcha (D:9)
  A two-headed ogre (D:8)
  Pikel (D:8)
  Maurice (D:8)
  Prince Ribbit (D:7)
  A hippogriff (D:9)
  3 yaks (D:9)
  Menkaure (D:6)
  Edmund (D:6)
  A black bear (D:9)
  4 orc warriors
  3 ice beasts
  4 sky beasts
  A slave (D:8)
  A necrophage (D:8)
  8 ogres
  A phantom (D:8)
  7 centaurs
  A big kobold (D:8)
  2 bullfrogs
  3 scorpions
  A howler monkey (D:9)
  4 crimson imps
  3 hounds
  A centaur zombie (D:6)
  A jelly (D:6)
  5 orc priests
  A bullfrog skeleton (D:4)
  3 iguanas
  6 orc wizards
  6 worker ants
  A killer bee zombie (D:9)
  3 hound zombies
  A hound skeleton (D:4)
  3 worker ant zombies
  A howler monkey zombie (D:5)
  10 adders
  4 gnolls (D:2)
  2 shadow imps
  An adder zombie (D:5)
  2 adder skeletons
  A worm (D:2)
  A dart slug (D:2)
  5 leopard geckos
  22 orcs
  9 giant cockroaches
  5 goblins
  7 hobgoblins
  17 jackals
  5 quokkas
  A ball python skeleton (D:5)
  12 bats
  3 frilled lizards
  A jackal skeleton (D:7)
  13 kobolds
  A quokka zombie (D:8)
  7 rats
216 creatures vanquished.

Vanquished Creatures (others)
  4 toadstools (D:1)
4 creatures vanquished.

Grand Total: 220 creatures vanquished

Notes
Turn   | Place    | Note
-------+----------+-------------------------------------------
     0 | D:1      | Delamore the Hill Orc Fighter began the quest for the Orb.
     0 | D:1      | Reached XP level 1. HP: 19/19 MP: 1/1
    28 | D:1      | Reached skill level 3 in Axes
    47 | D:1      | Reached XP level 2. HP: 19/26 MP: 2/2
   164 | D:1      | Reached skill level 4 in Axes
   317 | D:1      | Reached XP level 3. HP: 25/31 MP: 3/3
   573 | D:2      | Reached skill level 5 in Axes
   945 | D:2      | Reached XP level 4. HP: 39/39 MP: 4/4
   973 | D:2      | Found a hide-covered altar of Uskayaw.
   973 | D:2      | Noticed a +0 dagger
   974 | D:2      | Noticed a +0 hand axe
  1093 | D:2      | Reached skill level 6 in Axes
  1456 | D:2      | Reached XP level 5. HP: 39/45 MP: 5/5
  1657 | D:3      | Noticed a centaur
  1957 | D:3      | Killed a centaur
  1957 | D:3      | Reached skill level 7 in Axes
  2159 | D:3      | Found a blossoming altar of Fedhas.
  2363 | D:3      | Found an iron altar of Okawaru.
  2366 | D:3      | Found a shattered altar of Ashenzari.
  2371 | D:3      | Became a worshipper of Warmaster Okawaru
  2377 | D:3      | Found an ancient bone altar of Kikubaaqudgha.
  2453 | D:3      | Reached skill level 8 in Axes
  2509 | D:3      | Reached XP level 6. HP: 51/51 MP: 6/6
  3035 | D:4      | Reached skill level 9 in Axes
  3274 | D:4      | Reached * piety under Okawaru
  3274 | D:4      | Reached XP level 7. HP: 46/57 MP: 7/7
  3395 | D:4      | Reached skill level 10 in Axes
  3574 | D:4      | Found a staircase to the Ecumenical Temple.
  3578 | D:4      | Found a faded altar of an unknown god.
  3606 | D:4      | Reached skill level 1 in Throwing
  3685 | D:5      | Entered Level 5 of the Dungeon
  3807 | Temple   | Entered the Ecumenical Temple
  3917 | D:5      | Found Heme's General Store.
  4170 | D:5      | Reached skill level 11 in Axes
  4211 | D:5      | Reached XP level 8. HP: 50/64 MP: 8/8
  4269 | D:5      | Reached ** piety under Okawaru
  4797 | D:6      | Reached skill level 5 in Throwing
  5080 | D:6      | Reached skill level 12 in Axes
  5485 | D:6      | Noticed Menkaure
  5500 | D:6      | Killed Menkaure
  5500 | D:6      | Reached XP level 9. HP: 5/70 MP: 9/9
  5640 | D:6      | Found a shimmering altar of Xom.
  5751 | D:6      | Reached *** piety under Okawaru
  5820 | D:6      | Noticed Edmund
  5839 | D:6      | Killed Edmund
  5940 | D:6      | Reached skill level 13 in Axes
  5947 | D:6      | Identified Sif Muna's Handbook of Earthen Moulding
  6123 | D:6      | Found a white marble altar of Elyvilon.
  6125 | D:6      | Found a shimmering blue altar of Sif Muna.
  6125 | D:6      | Found a basalt altar of Yredelemnul.
  6125 | D:6      | Found a stormy altar of Qazlal.
  6128 | D:6      | Found a shadowy altar of Dithmenos.
  6130 | D:6      | Found a sacrificial altar of Ru.
  6303 | D:7      | Noticed Prince Ribbit
  6318 | D:7      | Killed Prince Ribbit
  6956 | D:8      | Reached **** piety under Okawaru
  6996 | D:8      | Received a gift from Okawaru
  7279 | D:8      | Reached skill level 14 in Axes
  7279 | D:8      | Reached skill level 10 in Throwing
  7344 | D:8      | Noticed Maurice
  7359 | D:8      | Reached XP level 10. HP: 65/77 MP: 10/10
  7382 | D:8      | Killed Maurice
  7555 | D:8      | Noticed a two-headed ogre
  7566 | D:8      | Killed a two-headed ogre
  7621 | D:8      | Found a staircase to the Lair.
  7680 | D:8      | Noticed Pikel
  7695 | D:8      | Killed Pikel
  7695 | D:8      | Reached ***** piety under Okawaru
  7724 | D:8      | Received a gift from Okawaru
  7785 | D:8      | Reached skill level 15 in Axes
  8153 | D:9      | Noticed Erolcha
  8167 | D:9      | Killed Erolcha
  8167 | D:9      | Received a gift from Okawaru
  8310 | D:9      | Reached skill level 16 in Axes
  8529 | D:9      | Found a glowing silver altar of Zin.
  8529 | D:9      | Found a burning altar of Makhleb.
  8530 | D:9      | Noticed a green death
  8530 | D:9      | Noticed an angel
  8590 | D:10     | Entered Level 10 of the Dungeon
  8615 | D:9      | Received a gift from Okawaru
  8621 | D:9      | Reached XP level 11. HP: 12/82 MP: 11/11
  9264 | D:9      | HP: 2/82 [yak (13)]
  9411 | D:9      | Reached skill level 17 in Axes
  9424 | D:9      | Slain by an unseen horror

Levels and vault maps discovered:
D:1:      ldierk_walled_garden_2, layout_basic
D:2:      layout_basic, dancing_weapons_uskayaw, minmay_crystal_water,
          minmay_tetromino_l2
D:3:      layout_basic, fedhas_altar_fruit_tree, grunt_temple_overflow_diamond,
          serial_glass, glass_columns_a, glass_columns_a, glass_columns_a,
          glass_columns_b, glass_columns_b, glass_columns_b, first_ration
D:4:      layout_gridville, nicolae_temple_entry_ecumenical, minmay_manual_mares
D:5:      layout_loops_ring, serial_shops, shop_fountains,
          minmay_misc_feat_enclosed
D:6:      minmay_octagon_keep, layout_gridville, minitemple, uniq_edmund,
          uniq_menkaure
D:7:      layout_rooms, grunt_ogre_cave, hangedman_decor_points,
          kennysheep_generic_room_10, uniq_prince_ribbit1
D:8:      layout_loops_corners, lair_entry_dummy, uniq_maurice, uniq_pikel
D:9:      layout_rooms, grunt_temple_overflow_order_and_chaos_2, bh_chokoban,
          uniq_erolcha
D:10:     layout_big_octagon, tgw_sif
Temple:   corrupted_temple

Skill      XL: |  1  2  3  4  5  6  7  8  9 10 11 |
---------------+----------------------------------+-----
Axes           | 3 4 5 6 8 9 11 12 14 16 17 | 17.1
Throwing       | 3 7 10 11 | 11.3
Fighting       | |  3.6
Armour         | |  3.2
Shields        | |  3.2

Action                   |  1- 3 |  4- 6 |  7- 9 | 10-12 || total
-------------------------+-------+-------+-------+-------++-------
Melee: War axe           |    99 |   168 |       |       ||   267
       Hand axe          |       |    25 |   443 |   219 ||   687
Throw: Boomerang         |       |       |    20 |       ||    20
       Dart              |       |       |     8 |    24 ||    32
       Javelin           |       |       |       |     2 ||     2
  Use: Scroll            |       |       |     1 |       ||     1
       Potion            |       |       |       |     1 ||     1
  Eat: Chunk             |       |     8 |    13 |     5 ||    26
       Ration            |       |       |       |     1 ||     1
Armor: Scale mail        |    57 |    19 |       |       ||    76
       Ring mail         |       |    75 |   104 |    90 ||   269
       Skin              |       |       |       |     4 ||     4
Dodge: Dodged            |    30 |    74 |   104 |    56 ||   264
Block: Shield            |    58 |   102 |   118 |    74 ||   352
